 Dungeon Crawl Stone Soup version 0.23-a0-143-g1adec7b (webtiles) character file.

48 galech the Skirmisher (level 3, -1/29 HPs)
             Began as a Demonspawn Monk on Sept 3, 2018.
             Slain by a worm (7 damage)
             ... on level 2 of the Dungeon.
             The game lasted 00:02:01 (1503 turns).

galech the Skirmisher (Demonspawn Monk)             Turns: 1503, Time: 00:02:02

Health: -1/29      AC:  8    Str: 11    XL:     3   Next: 50%
Magic:  3/3        EV:  5    Int: 11    God:
Gold:   56         SH:  0    Dex: 16    Spells: 2/2 levels left

rFire    . . .     SeeInvis .   a - +0 hand axe
rCold    . . .     Gourm    .   (no shield)
rNeg     . . .     Faith    .   i - +0 chain mail
rPois    .         Spirit   .   (no helmet)
rElec    .         Reflect  .   (no cloak)
rCorr    .         Harm     .   (no gloves)
MR       .....                  (no boots)
Stlth    ..........             (no amulet)
HPRegen  0.09/turn              (no ring)
MPRegen  0.08/turn              (no ring)

@: no status effects
A: powered by pain 2
a: no special abilities


You were on level 2 of the Dungeon.
You were not hungry.

You visited 1 branch of the dungeon, and saw 2 of its levels.

You collected 56 gold pieces.

Inventory:

Hand Weapons
 a - a +0 hand axe (weapon)
Armour
 i - a +0 chain mail (worn)
Scrolls
 b - a scroll of fog {unknown}
 d - 3 scrolls of identify {unknown}
 g - a scroll of enchant armour {unknown}
 h - 2 scrolls of remove curse {unknown}
Potions
 k - a potion of degeneration {unknown}
Comestibles
 c - a ration


   Skills:
 + Level 3.4 Fighting
 + Level 3.4 Axes
 + Level 0.2 Armour
 + Level 2.8 Dodging
 + Level 2.1 Stealth


You had 2 spell levels left.
You didn't know any spells.
Your spell library was empty.

Dungeon Overview and Level Annotations

Branches:
Dungeon (2/15)

Altars:


Innate Abilities, Weirdness & Mutations

You sometimes gain power by taking damage.


Message History

You are too injured to fight recklessly!
You are too injured to fight recklessly!
You are too injured to fight recklessly!
You hit the worm.
The worm is almost dead.
You hit the rat.
A jackal comes into view.
The rat bites you.
Your chain mail prevents you from hitting the worm.
The worm is almost dead.
You hit the rat but do no damage. The worm bites you.
* * * LOW HITPOINT WARNING * * *
The rat bites you but does no damage.
Unknown command.
You hit the worm but do no damage.
The worm is severely wounded.
You hit the rat.
You kill the rat!
The worm bites you!
You die...

#.....# #.....# ..
#.....# ###.# #.....#
#...# ###.### ... #.#
... ##.## #.#
###...##### #w#
##...#.....###@#######
#..........##.........
###..#.##........##.....
.............##..# .###
###..##.#..####..# .#
#........# #..# ..
##.......# #..# #
###...### #... #...#
####.


You could see a worm.

Vanquished Creatures
  An adder (D:2)
  An ooze (D:2)
  2 dart slugs
  A leopard gecko (D:1)
  5 bats
  2 giant cockroaches
  3 goblins
  2 hobgoblins (D:1)
  4 jackals (D:1)
  A quokka (D:2)
  A ball python (D:2)
  2 frilled lizards (D:2)
  5 rats
30 creatures vanquished.

Notes
Turn   | Place    | Note
-------+----------+-------------------------------------------
     0 | D:1      | galech the Demonspawn Monk began the quest for the Orb.
     0 | D:1      | Reached XP level 1. HP: 18/18 MP: 1/1
   316 | D:1      | Gained mutation: You sometimes gain a little power by
                  | taking damage. [demonic ancestry]
   316 | D:1      | Reached XP level 2. HP: 21/24 MP: 2/2
  1173 | D:2      | Gained mutation: You sometimes gain power by taking damage.
                  | [demonic ancestry]
  1173 | D:2      | Reached XP level 3. HP: 29/29 MP: 3/3
  1503 | D:2      | Slain by a worm

Vault maps used:
D:1:      ncdulo_lavacross, minmay_misc_feat_square

Skill      XL: |  1  2  3 |
---------------+----------+-----
Axes           | 3 |  3.4
Stealth        | 2 |  2.1
Fighting       | |  3.4
Armour         | |  0.2
Dodging        | |  2.8

Action                   || total
-------------------------++-------
Melee: Hand axe          ||   102
  Use: Potion            ||     2
 Stab: Sleeping          ||     2
       Distracted        ||     1
       Invisible         ||     3
  Eat: Chunk             ||     2
Armor: Robe              ||     2
       Chain mail        ||    79
Dodge: Dodged            ||    43

Table legend:
 A = Non-vault XP
 B = Vault XP
 C = Vault XP percentage of total XP
 D = Non-vault monster count
 E = Vault monster count
 F = Vault count percentage of total count
                 A         B        C        D         E       F
            +---------+---------+-------+---------+---------+-------
      Total |      69 |       0 |   0.0 |      30 |       0 |   0.0
            +---------+---------+-------+---------+---------+-------
        D:1 |      30 |       0 |   0.0 |      16 |       0 |   0.0
        D:2 |      39 |       0 |   0.0 |      14 |       0 |   0.0
            +---------+---------+-------+---------+---------+-------
